 Dungeon Crawl Stone Soup version 0.22.0-75-g3901e79 (webtiles) character file.

1108 Starchild the Frost Mage (level 8, -1/52 HPs)
             Began as a Merfolk Ice Elementalist on Sept 15, 2018.
             Was an Initiate of Sif Muna.
             Slain by an adder (5 damage)
             ... in the Ecumenical Temple.
             The game lasted 00:37:05 (7409 turns).

Starchild the Frost Mage (Merfolk Ice Elementalist) Turns: 7409, Time: 00:37:05

Health: -1/52      AC:  9    Str:  8      XL:     8   Next: 33%
Magic:  2/11       EV: 18    Int: 16      God:    Sif Muna [......]
Gold:   129        SH:  0    Dex: 17 (20) Spells: 1/11 levels left

rFire    . . .     SeeInvis .   f - +1 dagger (venom)
rCold    . . .     Gourm    .   (no shield)
rNeg     . . .     Faith    .   a - +0 robe
rPois    .         Spirit   .   (no helmet)
rElec    .         Reflect  .   (no cloak)
rCorr    .         Harm     .   s - +0 pair of gloves
MR       .....                  (no boots)
Stlth    +++.......             (no amulet)
HPRegen  0.17/turn              (no ring)
MPRegen  0.12/turn              (no ring)

@: agile, icy armour
A: change form in water, swift swim, stealthy swim
a: Renounce Religion


You were in the Ecumenical Temple.
You worshipped Sif Muna.
Sif Muna was noncommittal.
You were not hungry.

You visited 2 branches of the dungeon, and saw 7 of its levels.

You collected 129 gold pieces.

Inventory:

Hand Weapons
 f - a +1 dagger of venom (weapon)
 r - a +3 dagger
Missiles
 b - 5 tomahawks (quivered)
 j - 106 stones
Armour
 a - a +0 robe (worn)
 s - a +0 pair of gloves (worn)
Scrolls
 d - a scroll of amnesia
 e - 2 scrolls of magic mapping {unknown}
 g - 9 scrolls of remove curse
 i - 2 scrolls of fog
 l - 5 scrolls of teleportation
 u - a scroll of identify
 w - a scroll of immolation {unknown}
Potions
 k - a potion of ambrosia {unknown}
 n - a potion of flight {unknown}
 o - 2 potions of mutation
 p - a potion of lignification {unknown}
 q - a potion of heal wounds {unknown}
 t - a potion of brilliance {unknown}
Comestibles
 c - 8 rations


   Skills:
 - Level 2.6 Dodging
 - Level 2.1 Stealth
 - Level 2.0 Spellcasting
 - Level 4.1 Conjurations
 - Level 4.5 Charms
 + Level 8.2 Ice Magic


You had one spell level left.
You knew the following spells:

 Your Spells              Type           Power        Failure   Level  Hunger
a - Freeze                Ice            ####         1%          1    #......
b - Throw Frost           Conj/Ice       ###...       2%          2    ###....
c - Ozocubu's Armour      Chrm/Ice       ###.....     4%          3    ###....
d - Throw Icicle          Conj/Ice       ###.....     16%         4    #####..

Your spell library contained the following spells:

 Spells                   Type           Power        Failure   Level  Hunger
 Animate Skeleton         Necr           N/A          21%         1    #......
 Apportation              Tloc           #.....       21%         1    #......
 Confusing Touch          Hex            #.....       21%         1    #......
 Summon Small Mammal      Summ           #...         21%         1    #......
 Summon Ice Beast         Ice/Summ       ##......     36%         4    #####..


Dungeon Overview and Level Annotations

Branches:
Dungeon (6/15)             Temple (1/1) D:6

Altars:
Ashenzari
Cheibriados
Dithmenos
Elyvilon
Fedhas
Hepliaklqana
Kikubaaqudgha
Makhleb
Nemelex Xobeh
Okawaru
Qazlal
Ru
Sif Muna
Trog
Uskayaw
Vehumet
Wu Jian
Xom
Yredelemnul
The Shining One


Message History

* * * LOW HITPOINT WARNING * * *
The adder bites you but does no damage.
You hit the ogre but do no damage.
The ogre is poisoned.
The ogre is severely wounded.
The adder bites you but does no damage.
You hit the ogre but do no damage.
The ogre looks as sick as possible!
The ogre is severely wounded.
The ogre hits you but does no damage. The adder closely misses you.
You eat one of the 9 rations.
That ration really hit the spot!
The adder misses you. The ogre closely misses you.
You feel agile all of a sudden.
You kill the ogre!
Sif Muna accepts your kill.
You feel your dexterity returning.
Your Ice Magic skill increases to level 8!
The adder completely misses you. The adder closely misses you.
You hit the adder.
The adder is lightly wounded.
The adder bites you.
You die...

############## ### ##
#........#...###.###.
#........+....#...#..
#...@....#.....#.#...
#...)S..##...........
#......##......#'#...
#....###......##.##..
#...##.....####...###
##'##....'##.##...##.
#........#...#.._..#.
#.......##._.##...##.
#.......#.....#...#..


You could see an adder.

Vanquished Creatures
  A sky beast (D:3)
  An ice beast (D:5)
  An ogre (Temple)
  A bullfrog (Temple)
  A quasit (D:5)
  4 howler monkeys
  A bullfrog zombie (D:5)
  3 hounds
  A gnoll shaman (D:5)
  A centaur skeleton (D:4)
  3 orc wizards
  An iguana (D:5)
  2 worker ants
  4 gnolls (D:5)
  6 adders
  A shadow imp (D:4)
  3 oozes (D:1)
  An adder zombie (D:5)
  6 worms
  3 dart slugs
  4 leopard geckos
  15 orcs
  4 giant cockroaches
  9 goblins
  5 hobgoblins
  8 jackals
  3 quokkas
  12 bats
  6 frilled lizards
  A jackal skeleton (D:5)
  3 kobolds
  8 rats
123 creatures vanquished.

Notes
Turn   | Place    | Note
-------+----------+-------------------------------------------
     0 | D:1      | Starchild the Merfolk Ice Elementalist began the quest for
                  | the Orb.
     0 | D:1      | Reached XP level 1. HP: 13/13 MP: 3/3
   160 | D:1      | Reached XP level 2. HP: 19/19 MP: 3/5
   184 | D:1      | Reached skill level 4 in Ice Magic
   242 | D:1      | Learned a level 2 spell: Throw Frost
   680 | D:1      | Reached XP level 3. HP: 17/24 MP: 6/6
   829 | D:1      | Learned a level 3 spell: Ozocubu's Armour
  1076 | D:2      | Reached skill level 5 in Ice Magic
  1261 | D:2      | Reached XP level 4. HP: 30/30 MP: 0/7
  1618 | D:2      | Reached skill level 6 in Ice Magic
  1955 | D:3      | Reached XP level 5. HP: 28/35 MP: 8/8
  2043 | D:3      | Reached skill level 1 in Charms
  2086 | D:3      | Found a shadowy altar of Dithmenos.
  2120 | D:3      | Found a hide-covered altar of Uskayaw.
  2237 | D:3      | Noticed a sky beast
  2269 | D:3      | Found a faded altar of an unknown god.
  2400 | D:3      | Killed a sky beast
  2400 | D:3      | Reached XP level 6. HP: 40/41 MP: 0/9
  2995 | D:4      | Found a sparkling altar of Nemelex Xobeh.
  2996 | D:4      | Found a bloodstained altar of Trog.
  3040 | D:4      | Reached skill level 1 in Conjurations
  4370 | D:4      | Reached XP level 7. HP: 7/46 MP: 0/10
  4895 | D:5      | Entered Level 5 of the Dungeon
  5050 | D:5      | Found a shattered altar of Ashenzari.
  6543 | D:5      | Learned a level 4 spell: Throw Icicle
  6565 | D:5      | Reached skill level 7 in Ice Magic
  6565 | D:5      | Reached XP level 8. HP: 35/52 MP: 2/11
  6809 | D:6      | Found a staircase to the Ecumenical Temple.
  6817 | Temple   | Entered the Ecumenical Temple
  7378 | Temple   | Became a worshipper of Sif Muna the Loreminder
  7408 | Temple   | Reached skill level 8 in Ice Magic
  7409 | Temple   | Slain by an adder

Skill      XL: |  1  2  3  4  5  6  7  8 |
---------------+-------------------------+-----
Ice Magic      | 4 5 6 7 8 |  8.2
Charms         | 3 4 |  4.5
Conjurations   | 2 4 |  4.1
Dodging        | |  2.6
Stealth        | |  2.1
Spellcasting   | |  2.0

Action                   |  1- 3 |  4- 6 |  7- 9 || total
-------------------------+-------+-------+-------++-------
Melee: Dagger            |    56 |   193 |   200 ||   449
Throw: Stone             |       |    13 |     2 ||    15
       Tomahawk          |       |       |    15 ||    15
 Cast: Freeze            |    24 |    28 |    35 ||    87
       Throw Frost       |     5 |     5 |     5 ||    15
       Ozocubu's Armour  |     1 |    13 |    15 ||    29
       Throw Icicle      |       |       |     2 ||     2
  Use: Scroll            |     2 |     8 |     2 ||    12
       Potion            |       |       |     3 ||     3
 Stab: Sleeping          |     3 |     4 |     1 ||     8
       Distracted        |       |     1 |       ||     1
  Eat: Chunk             |     2 |     6 |     7 ||    15
       Ration            |       |     2 |     2 ||     4
Armor: Robe              |    17 |    41 |   139 ||   197
Dodge: Dodged            |    74 |   120 |   211 ||   405
